TOP OF THE 1ST |
Pennsylvania State University Nittany Lions batting - Pitching for Wichita State University Shockers : RHP Justin Williams
|
Pitching: RHP Justin Williams
|
|
Batting: RHB Chris Trites
|
0-0: Ball 1-0: Ball 2-0: Called Strike 2-1: Ball 3-1: Called Strike 3-2: Base on Balls
|
Batting: RHB Sandoval Serzedelo
|
0-0: Foul Ball, location: 2F 0-1: Called Strike 0-2: Ball 1-2: Ball 2-2: Strikes out swinging
|
Batting: RHB Alberto Bravo
|
0-0: Called Strike 0-1: Ball 1-1: Ball 2-1: Ground out 6-3 (Groundball, P, EV 81.9 MPH) Chris Trites to second
|
Batting: SHB Noah Long
|
0-0: Called Strike 0-1: Hit by Pitch
|
Batting: RHB Matt Derrien
|
0-0: Called Strike 0-1: Swinging Strike 0-2: Foul Ball, location: 2F 0-2: Strikes out swinging
|
Top of the 1st over - 0 runs, 0 hits, 0 errors, 2 left on base; Pennsylvania State University 0 - Wichita State University 0 |
BOTTOM OF THE 1ST |
Wichita State University Shockers batting - Pitching for Pennsylvania State University Nittany Lions : RHP Kuaika Anakala
|
Pitching: RHP Kuaika Anakala
|
|
Batting: RHB Rafael Irizarry
|
0-0: Ball 1-0: Ball 2-0: Called Strike 2-1: Ball 3-1: Base on Balls
|
Batting: LHB Dong-u Chang
|
0-0: Ball 1-0: Fly out, F6 (Line Drive, 6, EV 67.5 MPH)
|
Batting: RHB Israel Quinteros
|
0-0: Called Strike 0-1: SINGLE (Groundball, 56D, EV 102.5 MPH) Rafael Irizarry to second
|
Batting: SHB Nadhir Umayr
|
0-0: Swinging Strike 0-1: Fly out, F7 (Flyball, 7D, EV 93.8 MPH) Runner from 2nd tags up, SAFE at 3rd, no throw by LF
|
Batting: RHB Daniel Pena
|
0-0: Fielders Choice at 2nd, 5-4 (Groundball, 56, EV 101.9 MPH)
|
Bottom of the 1st over - 0 runs, 1 hit, 0 errors, 2 left on base; Pennsylvania State University 0 - Wichita State University 0 |
TOP OF THE 2ND |
Pennsylvania State University Nittany Lions batting - Pitching for Wichita State University Shockers : RHP Justin Williams
|
Batting: RHB Bill Crogan
|
0-0: Ball 1-0: Ball 2-0: Called Strike 2-1: Foul Ball, location: 2F 2-2: Foul Ball, location: 2F 2-2: Ground out 5-3 (Groundball, 56, EV 100.0 MPH)
|
Batting: SHB Emmet Brickowski
|
0-0: Ball 1-0: Ball 2-0: Foul Ball, location: 2F 2-1: Ball 3-1: Foul Ball, location: 2F 3-2: Fly out, F7 (Flyball, 78M, EV 76.9 MPH)
|
Batting: RHB Eddie Morin
|
0-0: Ball 1-0: Ball 2-0: Ball 3-0: Called Strike 3-1: Base on Balls
|
Batting: RHB Jesse Sargent
|
0-0: Called Strike 0-1: SINGLE (Line Drive, 7LS, EV 93.1 MPH) Eddie Morin to second
|
Batting: RHB Chris Trites
|
0-0: Ball 1-0: Swinging Strike 1-1: Foul Ball, location: 2F 1-2: Foul Ball, location: 2F 1-2: Strikes out swinging
|
Top of the 2nd over - 0 runs, 1 hit, 0 errors, 2 left on base; Pennsylvania State University 0 - Wichita State University 0 |
BOTTOM OF THE 2ND |
Wichita State University Shockers batting - Pitching for Pennsylvania State University Nittany Lions : RHP Kuaika Anakala
|
Batting: SHB Ed Mosqueda
|
0-0: Called Strike 0-1: SINGLE (Groundball, 13S, EV 72.5 MPH) (infield hit)
|
Batting: SHB Alex Noval
|
0-0: Called Strike 0-1: Ball 1-1: Called Strike 1-2: Foul Ball, location: 2F 1-2: Ball 2-2: Strikes out swinging
|
Batting: RHB Jayden Lindsey
|
0-0: Ball 1-0: Ball 2-0: Foul Ball, location: 2F 2-1: Called Strike 2-2: Fly out, F8 (Line Drive, 8RD, EV 97.5 MPH)
|
Batting: RHB Ziven Badersky
|
0-0: Ball 1-0: Fly out, F9 (Flyball, 89D, EV 92.5 MPH)
|
Bottom of the 2nd over - 0 runs, 1 hit, 0 errors, 1 left on base; Pennsylvania State University 0 - Wichita State University 0 |
TOP OF THE 3RD |
Pennsylvania State University Nittany Lions batting - Pitching for Wichita State University Shockers : RHP Justin Williams
|
Batting: RHB Sandoval Serzedelo
|
0-0: Ground out 4-3 (Groundball, 4, EV 79.4 MPH)
|
Batting: RHB Alberto Bravo
|
0-0: Ball 1-0: Ball 2-0: Called Strike 2-1: Called Strike 2-2: Foul Ball, location: 2F 2-2: Ball 3-2: Foul Ball, location: 2F 3-2: Foul Ball, location: 2F 3-2: Foul Ball, location: 2F 3-2: Strikes out swinging, 2-3 out at first.
|
Batting: SHB Noah Long
|
0-0: Ball 1-0: Swinging Strike 1-1: Foul Ball, location: 2F 1-2: Fly out, F8 (Line Drive, 8LM, EV 109.4 MPH)
|
Top of the 3rd over - 0 runs, 0 hits, 0 errors, 0 left on base; Pennsylvania State University 0 - Wichita State University 0 |
BOTTOM OF THE 3RD |
Wichita State University Shockers batting - Pitching for Pennsylvania State University Nittany Lions : RHP Kuaika Anakala
|
Batting: RHB Rafael Irizarry
|
0-0: Ball 1-0: Called Strike 1-1: Called Strike 1-2: Foul Ball, location: 2F 1-2: Foul Ball, location: 2F 1-2: Foul Ball, location: 2F 1-2: Foul Ball, location: 2F 1-2: Ball 2-2: Ball 3-2: Foul Ball, location: 2F 3-2: Fly out, F7 (Line Drive, 7D, EV 98.1 MPH)
|
Batting: LHB Dong-u Chang
|
0-0: Foul Ball, location: 2F 0-1: Foul Ball, location: 2F 0-2: SINGLE (Groundball, 25, EV 67.5 MPH) (infield hit)
|
Batting: RHB Israel Quinteros
|
0-0: Ball 1-0: Ball 2-0: Called Strike 2-1: Foul Ball, location: 2F 2-2: Ball 3-2: Foul Ball, location: 2F 3-2: Foul Ball, location: 2F 3-2: Foul Ball, location: 2F 3-2: TRIPLE (Flyball, 78XD, EV 101.9 MPH) Dong-u Chang scores
|
Batting: SHB Nadhir Umayr
|
0-0: Ground out 6-3 (Groundball, 6S, EV 89.4 MPH) Israel Quinteros scores
|
Batting: RHB Daniel Pena
|
0-0: Ball 1-0: Foul Ball, location: 2F 1-1: Ball 2-1: Ground out 6-3 (Groundball, 6, EV 99.4 MPH)
|
Bottom of the 3rd over - 2 runs, 2 hits, 0 errors, 0 left on base; Pennsylvania State University 0 - Wichita State University 2 |
TOP OF THE 4TH |
Pennsylvania State University Nittany Lions batting - Pitching for Wichita State University Shockers : RHP Justin Williams
|
Batting: RHB Matt Derrien
|
0-0: Foul Ball, location: 2F 0-1: Ball 1-1: Foul Ball, location: 2F 1-2: Ground out 6-3 (Groundball, 6M, EV 109.4 MPH)
|
Batting: RHB Bill Crogan
|
0-0: Ball 1-0: Swinging Strike 1-1: Foul Ball, location: 2F 1-2: Ball 2-2: Foul Ball, location: 2F 2-2: Ball 3-2: Foul Ball, location: 2F 3-2: Strikes out looking
|
Batting: SHB Emmet Brickowski
|
0-0: Ball 1-0: Ball 2-0: Fly out, F7 (Flyball, 78D, EV 86.9 MPH)
|
Top of the 4th over - 0 runs, 0 hits, 0 errors, 0 left on base; Pennsylvania State University 0 - Wichita State University 2 |
BOTTOM OF THE 4TH |
Wichita State University Shockers batting - Pitching for Pennsylvania State University Nittany Lions : RHP Kuaika Anakala
|
Batting: SHB Ed Mosqueda
|
0-0: Called Strike 0-1: Swinging Strike 0-2: Foul Ball, location: 2F 0-2: Ball 1-2: Ball 2-2: Ball 3-2: Fly out, F8 (Flyball, 8RS, EV 80.0 MPH)
|
Batting: SHB Alex Noval
|
0-0: Called Strike 0-1: Swinging Strike 0-2: Ground out 6-3 (Groundball, 6, EV 87.5 MPH)
|
Batting: RHB Jayden Lindsey
|
0-0: Ground out 4-3 (Groundball, 4D, EV 103.1 MPH)
|
Bottom of the 4th over - 0 runs, 0 hits, 0 errors, 0 left on base; Pennsylvania State University 0 - Wichita State University 2 |
TOP OF THE 5TH |
Pennsylvania State University Nittany Lions batting - Pitching for Wichita State University Shockers : RHP Justin Williams
|
Pitching: RHP Jerry Yusko
|
|
Batting: RHB Eddie Morin
|
0-0: Ground out U3 (Groundball, 3L, EV 87.5 MPH)
|
Batting: RHB Jesse Sargent
|
0-0: Ground out 5-3 (Groundball, 5S, EV 83.1 MPH)
|
Batting: RHB Chris Trites
|
0-0: Called Strike 0-1: Swinging Strike 0-2: Foul Ball, location: 2F 0-2: Ball 1-2: Ball 2-2: DOUBLE (Line Drive, 7LM, EV 96.2 MPH)
|
Batting: RHB Sandoval Serzedelo
|
0-0: Ball 1-0: Swinging Strike 1-1: Ball 2-1: Ball 3-1: Foul Ball, location: 2F 3-2: Foul Ball, location: 2F 3-2: Foul Ball, location: 2F 3-2: Base on Balls
|
Batting: RHB Alberto Bravo
|
0-0: Called Strike 0-1: Ball 1-1: Ball 2-1: Ball 3-1: Called Strike 3-2: Strikes out swinging
|
Top of the 5th over - 0 runs, 1 hit, 0 errors, 2 left on base; Pennsylvania State University 0 - Wichita State University 2 |
BOTTOM OF THE 5TH |
Wichita State University Shockers batting - Pitching for Pennsylvania State University Nittany Lions : RHP Kuaika Anakala
|
Pitching: RHP Chi-young Chuko
|
|
Batting: RHB Ziven Badersky
|
0-0: Ball 1-0: Ground out 4-3 (Groundball, 4M, EV 88.8 MPH)
|
Batting: RHB Rafael Irizarry
|
0-0: Ball 1-0: Called Strike 1-1: Ground out U3 (Groundball, 34S, EV 85.0 MPH)
|
Batting: LHB Dong-u Chang
|
0-0: Ground out 6-3 (Groundball, 6M, EV 85.6 MPH)
|
Bottom of the 5th over - 0 runs, 0 hits, 0 errors, 0 left on base; Pennsylvania State University 0 - Wichita State University 2 |
TOP OF THE 6TH |
Pennsylvania State University Nittany Lions batting - Pitching for Wichita State University Shockers : RHP Jerry Yusko
|
Batting: SHB Noah Long
|
0-0: Ball 1-0: Foul Ball, location: 2F 1-1: Ball 2-1: Foul Ball, location: 2F 2-2: Ground out 6-3 (Groundball, 56D, EV 89.4 MPH)
|
Batting: RHB Matt Derrien
|
0-0: Foul Ball, location: 2F 0-1: Foul Ball, location: 2F 0-2: Ball 1-2: Strikes out swinging
|
Batting: RHB Bill Crogan
|
0-0: Ball 1-0: Ball 2-0: Ball 3-0: Called Strike 3-1: Swinging Strike 3-2: Ground out 6-3 (Groundball, 6, EV 81.2 MPH)
|
Top of the 6th over - 0 runs, 0 hits, 0 errors, 0 left on base; Pennsylvania State University 0 - Wichita State University 2 |
BOTTOM OF THE 6TH |
Wichita State University Shockers batting - Pitching for Pennsylvania State University Nittany Lions : RHP Chi-young Chuko
|
Batting: RHB Israel Quinteros
|
0-0: Fly out, F9 (Flyball, 9, EV 90.6 MPH)
|
Batting: SHB Nadhir Umayr
|
0-0: SINGLE (Line Drive, 9LM, EV 98.8 MPH)
|
Batting: RHB Daniel Pena
|
0-0: Called Strike 0-1: Ball 1-1: Ball 2-1: Swinging Strike 2-2: Strikes out swinging
|
Batting: SHB Ed Mosqueda
|
0-0: Foul Ball, location: 2F 0-1: Fly out, F4 (Flyball, 34D, EV 94.4 MPH)
|
Bottom of the 6th over - 0 runs, 1 hit, 0 errors, 1 left on base; Pennsylvania State University 0 - Wichita State University 2 |
TOP OF THE 7TH |
Pennsylvania State University Nittany Lions batting - Pitching for Wichita State University Shockers : RHP Jerry Yusko
|
Pitching: RHP Domingo Maldonado
|
|
Batting: SHB Emmet Brickowski
|
0-0: Ground out U3 (Groundball, 34S, EV 78.1 MPH)
|
Batting: RHB Eddie Morin
|
0-0: Ground out 6-3 (Groundball, 6, EV 81.2 MPH)
|
Batting: RHB Jesse Sargent
|
0-0: Ball 1-0: Foul Ball, location: 2F 1-1: Foul Ball, location: 2F 1-2: Ball 2-2: Reached on error, E6 (Groundball, 6, EV 105.0 MPH)
|
Pinch Hitting: LHB Dorian Oram
|
0-0: Fly out, F7 (Flyball, 78D, EV 91.2 MPH)
|
Top of the 7th over - 0 runs, 0 hits, 1 error, 1 left on base; Pennsylvania State University 0 - Wichita State University 2 |
BOTTOM OF THE 7TH |
Wichita State University Shockers batting - Pitching for Pennsylvania State University Nittany Lions : RHP Chi-young Chuko
|
Now at 1B: Dorian Oram
|
|
Batting: SHB Alex Noval
|
0-0: Ball 1-0: Ball 2-0: Foul Ball, location: 2F 2-1: Ball 3-1: Called Strike 3-2: Foul Ball, location: 2F 3-2: Strikes out swinging
|
Batting: RHB Jayden Lindsey
|
0-0: Ball 1-0: Foul Ball, location: 2F 1-1: Fly out, F7 (Line Drive, 7, EV 94.4 MPH)
|
Batting: RHB Ziven Badersky
|
0-0: Called Strike 0-1: Ball 1-1: Called Strike 1-2: Ball 2-2: Foul Ball, location: 2F 2-2: Fly out, F3 (Popup, 3S, EV 73.8 MPH)
|
Bottom of the 7th over - 0 runs, 0 hits, 0 errors, 0 left on base; Pennsylvania State University 0 - Wichita State University 2 |
TOP OF THE 8TH |
Pennsylvania State University Nittany Lions batting - Pitching for Wichita State University Shockers : RHP Domingo Maldonado
|
Pinch Hitting: SHB Jose Melendez
|
0-0: Ball 1-0: Called Strike 1-1: Called Strike 1-2: Foul Ball, location: 2F 1-2: Ground out 5-3 (Groundball, 56, EV 99.4 MPH)
|
Pinch Hitting: RHB Jake Garza
|
0-0: Ball 1-0: Swinging Strike 1-1: Ball 2-1: Called Strike 2-2: Ground out 6-3 (Groundball, 56, EV 108.1 MPH)
|
Batting: RHB Jose Cerritos
|
0-0: Ball 1-0: Swinging Strike 1-1: Ball 2-1: Foul Ball, location: 2F 2-2: Ball 3-2: SINGLE (Groundball, 25, EV 60.0 MPH) (infield hit)
|
Batting: RHB Matt Derrien
|
0-0: Ball 1-0: Ball 2-0: Ball 3-0: Swinging Strike 3-1: Base on Balls Jose Cerritos to second
|
Batting: RHB Bill Crogan
|
0-0: Ball 1-0: Ball Passed Ball! Jose Cerritos to third Matt Derrien to second 2-0: Called Strike 2-1: Foul Ball, location: 2F 2-2: Ball 3-2: Strikes out swinging
|
Top of the 8th over - 0 runs, 1 hit, 0 errors, 2 left on base; Pennsylvania State University 0 - Wichita State University 2 |
BOTTOM OF THE 8TH |
Wichita State University Shockers batting - Pitching for Pennsylvania State University Nittany Lions : RHP Chi-young Chuko
|
Now in LF: Jake Garza
|
|
Now in CF: Jose Melendez
|
|
Pinch Hitting: RHB Angel Lovato
|
0-0: Foul Ball, location: 2F 0-1: Foul Ball, location: 2F 0-2: Ball 1-2: Foul Ball, location: 2F 1-2: Ball 2-2: Ball 3-2: Strikes out looking
|
Batting: LHB Bill Girton
|
0-0: Called Strike 0-1: Ball 1-1: Foul Ball, location: 2F 1-2: Ball 2-2: Ball 3-2: Fly out, F8 (Flyball, 8LD, EV 101.9 MPH)
|
Pinch Hitting: RHB Ray Johnson
|
0-0: Ball 1-0: Ball 2-0: Fly out, F8 (Flyball, 8RD, EV 88.8 MPH)
|
Bottom of the 8th over - 0 runs, 0 hits, 0 errors, 0 left on base; Pennsylvania State University 0 - Wichita State University 2 |
TOP OF THE 9TH |
Pennsylvania State University Nittany Lions batting - Pitching for Wichita State University Shockers : RHP Domingo Maldonado
|
Pitching: RHP Brandon Isabell
|
|
Now at SS: Angel Lovato
|
|
Now in RF: Ray Johnson
|
|
Pinch Hitting: RHB Scott Talbot
|
0-0: Foul Ball, location: 2F 0-1: Called Strike 0-2: Ball 1-2: Ball 2-2: Foul Ball, location: 2F 2-2: DOUBLE (Groundball, 3L, EV 105.0 MPH)
|
Pinch Hitting: RHB Hachim Fathi
|
Balk! Scott Talbot to third 0-0: Ball 1-0: Called Strike 1-1: Foul Ball, location: 2F 1-2: Ball 2-2: Strikes out swinging
|
Pinch Hitting: RHB Jwahir Pili
|
0-0: Called Strike 0-1: Swinging Strike 0-2: Strikes out swinging
|
Pinch Hitting: RHB Brad Adams Jr.
|
0-0: Ball 1-0: Swinging Strike 1-1: Foul Ball, location: 2F 1-2: Foul Ball, location: 2F 1-2: Strikes out swinging
|
Top of the 9th over - 0 runs, 1 hit, 0 errors, 1 left on base; Pennsylvania State University 0 - Wichita State University 2 |
|